 Dungeon Crawl Stone Soup version 0.28.0-49-g6dfe1f597d (webtiles) character file.

Game seed: 9630783898861600949

986 101zpm the Magician (level 8, -6/51 HPs)
             Began as a Djinni Fire Elementalist on May 15, 2022.
             Mangled by a steam dragon (9 damage)
             ... on level 5 of the Dungeon.
             The game lasted 00:13:16 (5082 turns).

101zpm the Magician (Djinni Fire Elementalist)      Turns: 5082, Time: 00:13:16

Health: -6/51      AC:  3    Str:  7    XL:     8   Next: 41%
Gold:   143        EV: 12    Int: 19    God:
                   SH:  0    Dex: 14

rFire   + + +      SeeInvis .   p - +2 long sword (vamp)
rCold   x . .      Faith    .   (no shield)
rNeg    . . .      Spirit   .   a - +0 robe
rPois   ∞          Reflect  .   (no helmet)
rElec   .          Harm     .   (no cloak)
rCorr   .          Rampage  .   n - +0 pair of gloves
Will    .....                   (boots unavailable)
Stlth   ++........              (no amulet)
HPRegen 0.17/turn               m - ring of protection from fire
MPRegen 0.00/turn               (no ring)

@: flying
A: sickness immunity, fire resistance 2, cold vulnerability 1, float, innate
caster, HP casting, extra vitality 1
a: no special abilities


You were on level 5 of the Dungeon.
You visited 1 branch of the dungeon, and saw 6 of its levels.

You collected 143 gold pieces.

Inventory:

Hand Weapons
 p - a +2 vampiric long sword (weapon)
Missiles
 k - a throwing net
Armour
 a - a +0 robe (worn)
 i - a +0 helmet
 n - a +0 pair of gloves (worn)
Jewellery
 j - a +4 ring of slaying
 m - a ring of protection from fire (left hand)
 o - a +6 ring of dexterity
Scrolls
 b - 3 scrolls of identify
 g - 2 scrolls of teleportation {unknown}
 h - a scroll of fog {unknown}
Potions
 c - 2 potions of brilliance
 d - 3 potions of curing
 e - a potion of degeneration {unknown}
 f - a potion of ambrosia {unknown}
 l - a potion of lignification {unknown}


   Skills:
 + Level 0.3 Fighting
 + Level 2.5 Dodging
 + Level 2.4 Stealth
 + Level 7.2 Spellcasting


You had 2 spell levels left.
You knew the following spells:

 Your Spells              Type           Power      Damage    Failure   Level
a - Foxfire               Conj/Fire      100%       2x1d9     1%          1
b - Scorch                Fire           68%        2d8       1%          2
c - Conjure Flame         Conj/Fire      34%        6-21      1%          3
d - Inner Flame           Hex/Fire       34%        N/A       1%          3
e - Flame Wave            Conj/Fire      34%        2d8       4%          4
f - Freeze                Ice            100%       1d11      1%          1
g - Blink                 Tloc           68%        N/A       1%          2
h - Frozen Ramparts       Ice            68%        1d8       1%          3
Your spell library was empty.

Dungeon Overview and Level Annotations

Branches:
Dungeon (6/15)
 Temple: D:4-7

Altars:
Gozag
Yredelemnul


Innate Abilities, Weirdness & Mutations

You are immune to sickness and miasma.
You are immune to poison.
Your flesh is very heat resistant. (rF++)
You are vulnerable to cold. (rC-)
You float through the air rather than walking.
You learn spells naturally, not from books.
Your magical power is your life essence.
You have superior vitality. (+4 MHP)


Message History

Confirm with . or Enter, or press ? or * to list all spells.
Flames lash the adder.
The adder is almost dead.
The adder's fire resistance burns away.
* * * LOW HITPOINT WARNING * * *
Casting: Scorch (safe; 1% risk of failure)
Confirm with . or Enter, or press ? or * to list all spells.
Flames lash the adder.
The adder is burned terribly!
You kill the adder!
* * * LOW HITPOINT WARNING * * *
Casting: Scorch (safe; 1% risk of failure)
Confirm with . or Enter, or press ? or * to list all spells.
Flames lash the steam dragon.
The steam dragon is moderately wounded.
The steam dragon's fire resistance burns away.
* * * LOW HITPOINT WARNING * * *
The frozen ramparts melt away.
The steam dragon breathes steam at you. The ball of steam misses you.
You hear a bark!
Casting: Scorch (safe; 1% risk of failure)
Confirm with . or Enter, or press ? or * to list all spells.
Flames lash the steam dragon.
The steam dragon is burned terribly!
The steam dragon is heavily wounded.
* * * LOW HITPOINT WARNING * * *
A hound comes into view.
The steam dragon barely misses you.
The steam dragon claws you but does no damage.
You fly upwards.
There is a stone staircase leading down here.
As you read the scroll labelled UCEOLE VODAOWN, it crumbles to dust.
It is a scroll of identify.
c - 2 potions of brilliance The steam dragon bites you but does no damage.
The steam dragon barely misses you.
Found 13 gold pieces.
There is a stone staircase leading up here.
The steam dragon is no longer more vulnerable to fire.
The steam dragon bites you!
You die...

##..... .# #.....# # .#
.####.#..<#######.# .#
........>.........# .#
######...#.....### )#
..........#.#.#######.#
.###.###.##.#..<......#
# #..D##.....#######
#.#@######## #.#.# #
#.. ..## #.# #.# #.#
#$#


You could see a steam dragon.

Vanquished Creatures
  A black bear (D:4)
  A necrophage (D:4)
  2 ogres
  A phantom (D:4)
  3 killer bees (D:4)
  2 hounds
  2 jellies
  3 iguanas
  Natasha (twice) (D:2)
  Terence (D:3)
  An orc wizard (D:6)
  4 gnolls (D:2)
  4 adders
  A worm (D:4)
  A dart slug (D:3)
  3 orcs
  5 bats
  6 endoplasms
  5 giant cockroaches
  2 goblins
  6 hobgoblins
  4 jackals (D:2)
  4 quokkas (D:1)
  2 ball pythons
  2 frilled lizards (D:3)
  6 kobolds
  3 rats
77 creatures vanquished.

Vanquished Creatures (others)
  240 foxfires
240 creatures vanquished.

Grand Total: 317 creatures vanquished

Notes
Turn   | Place    | Note
-------+----------+-------------------------------------------
     0 | D:1      | 101zpm the Djinni Fire Elementalist began the quest for the
                  | Orb.
     0 | D:1      | Reached XP level 1. HP: 15/15 MP: 0/0
   177 | D:2      | Reached XP level 2. HP: 8/21 MP: 0/0
   837 | D:4      | Noticed a phantom
   907 | D:3      | Noticed Terence
   950 | D:2      | Reached skill level 3 in Spellcasting
  1005 | D:2      | Reached XP level 3. HP: 24/25 MP: 0/0
  1005 | D:2      | Learned a level 1 spell: Freeze
  1045 | D:2      | Noticed Natasha
  1050 | D:2      | Killed Natasha
  1245 | D:2      | Reached XP level 4. HP: 26/31 MP: 0/0
  1794 | D:1      | Found a faded altar of an unknown god.
  2361 | D:2      | Noticed Natasha
  2364 | D:2      | Killed Natasha
  2365 | D:2      | Reached XP level 5. HP: 28/35 MP: 0/0
  2365 | D:2      | Learned a level 2 spell: Blink
  2558 | D:2      | Reached skill level 4 in Spellcasting
  2798 | D:4      | Reached XP level 6. HP: 15/40 MP: 0/0
  3041 | D:4      | Noticed a black bear
  3353 | D:3      | Killed Terence
  3827 | D:4      | Reached skill level 5 in Spellcasting
  3932 | D:4      | Noticed a necrophage
  3939 | D:4      | Killed a necrophage
  3940 | D:4      | Reached XP level 7. HP: 25/45 MP: 0/0
  3940 | D:4      | Learned a level 3 spell: Frozen Ramparts
  4017 | D:4      | Reached skill level 6 in Spellcasting
  4575 | D:4      | Reached XP level 8. HP: 43/51 MP: 0/0
  4749 | D:4      | Found an opulent altar of Gozag.
  4754 | D:4      | Found a basalt altar of Yredelemnul.
  4976 | D:5      | Entered Level 5 of the Dungeon
  5058 | D:6      | Reached skill level 7 in Spellcasting
  5082 | D:5      | Mangled by a steam dragon

Illustrated notes

Levels and vault maps discovered:
D:1:      dpeg_arrival_windows_large_door, layout_rooms,
          hellmonk_ecumenical_altar_pennies_from_heaven,
          chequers_serial_rivers_small_3, minmay_misc_feat_doors
D:2:      layout_loops_corners, uniq_crazy_yiuf_cottage, uniq_natasha
D:3:      layout_basic, uniq_terence
D:4:      layout_rooms, mainiacjoe_overflow_big_doors, roderic_roman_lattice
D:5:      layout_basic
D:6:      minmay_angry_zag, layout_basic, hangedman_decor_diamond_cutter,
          uniq_menkaure

Skill      XL: |  1  2  3  4  5  6  7  8 |
---------------+-------------------------+-----
Spellcasting   | 3 4 5 6 7 |  7.2
Stealth        | 2 |  2.4
Fighting       | |  0.3
Dodging        | |  2.5

Action                   |  1- 3 |  4- 6 |  7- 9 || total
-------------------------+-------+-------+-------++-------
 Cast: Foxfire           |    48 |    81 |    21 ||   150
       Scorch            |     5 |    19 |    20 ||    44
       Inner Flame       |       |    22 |    11 ||    33
       Frozen Ramparts   |       |       |     5 ||     5
  Use: Scroll            |       |       |     1 ||     1
Armor: Robe              |     3 |       |     2 ||     5
Dodge: Dodged            |     5 |     2 |     7 ||    14
